 Seeded DCSS version 0.27.1 (webtiles) character file.

Game seed: 18446744073709551615 (custom seed)

46 a11behringer the Cudgeller (level 3, -2/29 HPs)
             Began as a Formicid Fighter on Sept 3, 2021.
             Was an Initiate of Gozag.
             Slain by a gnoll (3 damage)
             ... on level 2 of the Dungeon.
             The game lasted 00:07:37 (1517 turns).

a11behringer the Cudgeller (Formicid Fighter)       Turns: 1517, Time: 00:07:40

Health: -2/29      AC:  6    Str: 20    XL:     3   Next: 95%
Magic:  3/3        EV:  8    Int:  7    God:    Gozag
Gold:   157        SH:  9    Dex: 11    Spells: 2/2 levels left

rFire    + . .     SeeInvis +   a - +0 flail
rCold    . . .     Faith    .   c - +0 kite shield
rNeg     + + .     Spirit   .   b - +0 scale mail
rPois    .         Reflect  .   (helmet unavailable)
rElec    +         Harm     .   (no cloak)
rCorr    .         Rampage  .   (no gloves)
Will     .....                  (no boots)
Stlth    ..........             (no amulet)
HPRegen  0.09/turn              g - ring of positive energy
MPRegen  0.08/turn              i - ring of Ritar {Contam Fly rElec rF+ rN+}

@: flying
A: permanent stasis, dig shafts and tunnels, antennae 3, four strong arms
a: Dig, Shaft Self, Renounce Religion, Potion Petition, Call Merchant, Bribe
Branch


You were on level 2 of the Dungeon.
You worshipped Gozag.
Gozag was aware of your devotion.
You visited 1 branch of the dungeon, and saw 2 of its levels.

You collected 247 gold pieces.
You spent 90 gold pieces at shops.

Inventory:

Hand Weapons
 a - a +0 flail (weapon)
Armour
 b - a +0 scale mail (worn)
 c - a +0 kite shield (worn)
Jewellery
 g - a ring of positive energy (left hand)
 i - the ring of Ritar (right hand) {Contam Fly rElec rF+ rN+}
   (You bought it in a shop on level 2 of the Dungeon)

   [ring of protection from fire]

   rF:        It protects you from fire.
   rElec:     It insulates you from electricity.
   rN:        It protects you from negative energy.
   Fly:       It grants you flight.
   Contam:    It causes magical contamination when unequipped.
Scrolls
 f - a scroll of immolation {unknown}
 h - a scroll of vulnerability {unknown}
 j - a scroll of magic mapping {unknown}
 k - a scroll of enchant weapon {unknown}
 l - a scroll of identify {unknown}
Potions
 d - a potion of might
 e - a potion of curing {unknown}


   Skills:
 - Level 3.2 Fighting
 * Level 3.8 Maces & Flails
 - Level 3.2 Armour
 + Level 0.5 Dodging
 - Level 3.6 Shields


You had 2 spell levels left.
You didn't know any spells.
Your spell library contained the following spells:

 Spells                   Type           Power      Damage    Failure   Level
 Beastly Appendage        Tmut           0%         N/A       99%         1
 Sandblast                Erth           0%         2d4       99%         1
 Wereblood                Tmut           0%         N/A       99%         2
 Spider Form              Tmut/Pois      0%         N/A       100%        3


Dungeon Overview and Level Annotations

Branches:
Dungeon (2/15)

Altars:
Gozag

Shops:
D:1 [   D:2 *

Annotations:
D:2 Natasha


Innate Abilities, Weirdness & Mutations

You cannot be hasted, slowed, berserked, paralysed or teleported.
You can dig through walls and to a lower floor.
You have a pair of large antennae on your head. (SInv)
Your four strong arms can wield two-handed weapons with a shield.


Message History

You now have 149 gold pieces (gained 9).
Things that are here:
a +0 dagger; a +0 hunting sling; 35 stones A frilled lizard comes into view.
Found a sedimented orange potion.
The frilled lizard hisses angrily.
The frilled lizard barely misses you.
You miss the frilled lizard. You block the frilled lizard's attack.
You hit the frilled lizard.
You kill the frilled lizard!
You now have 157 gold pieces (gained 8).
A gnoll comes into view. It is wielding a +0 whip.
The gnoll shouts!
A gnoll comes into view. It is wielding a +0 spear.
The gnoll shouts!
You hear a shout!
You hear an angry hiss.
You hear a shout!
You closely miss the gnoll. The gnoll hits you with a +0 whip.
A gnoll comes into view. It is wielding a +0 flail.
You barely miss the gnoll. The gnoll hits you with a +0 whip.
You block the gnoll's attack. x2
A gnoll comes into view. It is wielding a +0 spear.
The gnoll shouts!
You hit the gnoll but do no damage. The gnoll barely misses you.
The gnoll hits you with a +0 whip.
The gnoll hits you from afar with a +0 spear.
You block the gnoll's attack.
You sock the gnoll!
The gnoll is heavily wounded.
The gnoll hits you with a +0 whip. The gnoll barely misses you.
The gnoll hits you with a +0 flail!
* * * LOW HITPOINT WARNING * * *
You block the gnoll's attack.
You closely miss the gnoll.
The gnoll is heavily wounded.
You block the gnoll's attack.
The gnoll hits you from afar with a +0 spear.
* * * LOW HITPOINT WARNING * * *
Natasha, Servant of Life and Death comes into view.
The gnoll completely misses you. The gnoll hits you with a +0 flail.
You die...
Your body crumbles into a pile of gold.

#.####### #........
#..###### #..#
#..#####
########......##
................
h.#.####............
....ggg@g.......#.##
###.####.####!....#
#.# .....# #.#
....... #.# .....##
#.# #...## #.# ####
#.#


You could see Natasha and 4 gnolls.

Vanquished Creatures
  An adder skeleton (D:2)
  A worm (D:2)
  2 dart slugs
  An endoplasm (D:2)
  5 goblins
  3 hobgoblins
  A quokka (D:2)
  5 ball pythons
  5 bats
  2 frilled lizards
  4 kobolds
  4 rats
34 creatures vanquished.

Notes
Turn   | Place    | Note
-------+----------+-------------------------------------------
     0 | D:1      | a11behringer the Formicid Fighter began the quest for the
                  | Orb.
     0 | D:1      | Reached XP level 1. HP: 18/18 MP: 1/1
   297 | D:1      | Found a faded altar of an unknown god.
   300 | D:1      | Got Plato's Grimoire of Stones
   301 | D:1      | Became a worshipper of Gozag Ym Sagoz the Greedy
   396 | D:1      | Reached XP level 2. HP: 24/24 MP: 2/2
   446 | D:1      | Found Wusebb's Antique Armour Emporium.
  1010 | D:2      | Reached XP level 3. HP: 27/29 MP: 3/3
  1076 | D:2      | Found Wijash's Assorted Antiques.
  1084 | D:2      | Bought a twitching turquoise ring for 90 gold pieces
  1084 | D:2      | Identified the ring of Ritar {Contam Fly rElec rF+ rN+}
                  | (You bought it in a shop on level 2 of the Dungeon)
  1517 | D:2      | HP: 1/29 [gnoll (4)]
  1517 | D:2      | Noticed Natasha
  1517 | D:2      | Slain by a gnoll

Illustrated notes

Levels and vault maps discovered:
D:1:      minmay_arrival_widening_spiral_wide, layout_basic, serial_shops, shop,
          shapermc_ecumenical_altar_rom_forum
D:2:      layout_loops_ring, serial_shops, shop, minmay_misc_feat_five,
          minmay_tiny_reverse_x, uniq_robin, uniq_natasha

Skill      XL: |  1  2 |
---------------+-------+-----
Maces & Flails | 3 |  3.8
Fighting       | |  3.2
Armour         | |  3.2
Dodging        | |  0.5
Shields        | |  3.6

Action                   || total
-------------------------++-------
Melee: Flail             ||   138
 Abil: Dig               ||     1
Armor: Scale mail        ||    85
Dodge: Dodged            ||    61
Block: Kite shield       ||    89
